 Seeded DCSS version 0.29-a0-369-gd956c00756 (webtiles) character file.

Game seed: 7 (custom seed)

20 joe1234567 the Vandal (level 2, -32/25 HPs)
             Began as a Minotaur Hunter on May 2, 2022.
             Killed by an exploding ball python (35 damage)
             ... ignited by their inner flame
             ... on level 1 of the Dungeon.
             The game lasted 00:05:18 (848 turns).

joe1234567 the Vandal (Minotaur Hunter)              Turns: 848, Time: 00:05:19

Health: -32/25     AC:  3    Str: 15    XL:     2   Next: 58%
Magic:  1/1        EV: 12    Int:  6    God:
Gold:   42         SH:  0    Dex: 13    Spells: 1/1 levels left

rFire   . . .      SeeInvis .   a - +1 hunting sling
rCold   . . .      Faith    .   (no shield)
rNeg    . . .      Spirit   .   b - +0 leather armour
rPois   .          Reflect  .   (helmet restricted)
rElec   .          Harm     .   (no cloak)
rCorr   .          Rampage  .   (no gloves)
Will    .....                   (no boots)
Stlth   +.........              (no amulet)
HPRegen 0.08/turn               (no ring)
MPRegen 0.07/turn               (no ring)

@: no status effects
A: horns 2, retaliatory headbutt
a: no special abilities


You were on level 1 of the Dungeon.
You visited 1 branch of the dungeon, and saw 1 of its levels.

You collected 42 gold pieces.

Inventory:

Hand Weapons
 a - a +1 hunting sling (weapon)
 g - a +0 flail
Armour
 b - a +0 leather armour (worn)
Scrolls
 f - a scroll of enchant weapon {unknown}
Potions
 d - a potion of curing {unknown}
 e - a potion of lignification {unknown}
 h - 2 potions of resistance {unknown}


   Skills:
 + Level 2.5 Fighting
 + Level 4.9 Slings
 + Level 0.2 Armour
 + Level 2.5 Dodging
 + Level 0.7 Stealth


You had one spell level left.
You didn't know any spells.
Your spell library contained the following spells:

 Spells                   Type           Power      Damage    Failure   Level
 Corpse Rot               Necr/Air       0%         N/A       67%         2
 Poisonous Vapours        Pois/Air       0%         N/A       67%         2


Dungeon Overview and Level Annotations

Branches:
Dungeon (1/15)

Altars:


Innate Abilities, Weirdness & Mutations

You have a pair of horns on your head.
You reflexively headbutt those who attack you in melee.


Message History

You clumsily bash the ball python but do no damage.
The ball python bites you. The ball python barely misses you.
You clumsily bash the ball python but do no damage.
The ball python bites you. The ball python closely misses you.
The ball python bites you.
* * * LOW HITPOINT WARNING * * *
The ball python grabs you. The ball python constricts you.
You clumsily bash the ball python but do no damage.
The ball python bites you but does no damage.
The ball python constricts you.
* * * LOW HITPOINT WARNING * * *
You clumsily bash the ball python but do no damage.
The ball python bites you but does no damage.
The ball python constricts you.
* * * LOW HITPOINT WARNING * * *
The ball python bites you.
* * * LOW HITPOINT WARNING * * *
The ball python constricts you.
Read: scroll of immolation
Press: ? - help, Q - select action, (/) - cycle Dir - look around, f - activate Look: a ball python (constricting you, susceptible)
As you read the scroll of immolation, it crumbles to dust.
The creatures around you are filled with an inner flame!
The ball python bites you but does no damage.
The ball python constricts you.
* * * LOW HITPOINT WARNING * * *
You clumsily bash the ball python but do no damage.
The ball python bites you but does no damage.
The ball python constricts you.
* * * LOW HITPOINT WARNING * * *
You clumsily bash the ball python but do no damage.
Flame seeps out of the ball python.
You headbutt the ball python.
The ball python is severely wounded.
You clumsily bash the ball python but do no damage.
The ball python is severely wounded.
The ball python is engulfed in blazing flames.
The ball python explodes!
The fiery explosion engulfs you!!
Ouch! That really hurt!
You die...

######### #
#.......#
########
#.......#
.......#
#.......####
######.#
#..§§§....$.
# #.#
#..§○§..#
#.#
#..§@§..#
#####.#
#$......#
#.....#
####.####
##'##..#
####.###
#8.8##.#
#......#
.....###
#.##.#.#
.....8##
#.##.###
.......##
#.##..
.......8###
#.########


There were no monsters in sight!

Vanquished Creatures
  A dart slug (D:1)
  An endoplasm (D:1)
  A giant cockroach (D:1)
  A goblin (D:1)
  2 hobgoblins (D:1)
  A kobold (D:1)
  4 ball pythons (D:1)
  3 bats (D:1)
  3 frilled lizards (D:1)
  3 rats (D:1)
20 creatures vanquished.

Notes
Turn   | Place    | Note
-------+----------+-------------------------------------------
     0 | D:1      | joe1234567 the Minotaur Hunter began the quest for the Orb.
     0 | D:1      | Reached XP level 1. HP: 18/18 MP: 0/0
   230 | D:1      | Reached XP level 2. HP: 19/25 MP: 1/1
   848 | D:1      | Killed by an exploding ball python... ignited by their
                  | inner flame

Illustrated notes

Levels and vault maps discovered:
D:1:      lightli_arrival_chessboard, layout_loops_corners,
          shapermc_ecumenical_altar_starsandcircs, corner_web_ring,
          dk_noncrumbling_4

Action                   || total
-------------------------++-------
Melee: Hunting sling     ||    47
       Headbutt          ||     9
 Fire: Hunting sling     ||    23
  Use: Scroll            ||     1
Armor: Leather armour    ||    25
Dodge: Dodged            ||    40

Table legend: (Time is in decaauts)
 A = Elapsed time spent in this place.
 B = Non-inter-level travel time spent in this place.
 C = Inter-level travel time spent in this place.
 D = Time resting spent in this place.
 E = Time spent auto-exploring this place.
 F = Levels seen in this place.
 G = Mean time per level.
                   A        B        C        D        E       F      G
               +--------+--------+--------+--------+--------+-----+--------+
         Total |    866 |    866 |      0 |      0 |      0 |   1 |  866.0 |
       Dungeon |    866 |    866 |      0 |      0 |      0 |   1 |  866.0 |
               +--------+--------+--------+--------+--------+-----+--------+

Top non-repeatable levels by time:
     D:1: 866 daAuts
